 Dungeon Crawl Stone Soup version 0.17-a0-1393-gcb420ff (webtiles) character file.

1414 bal the Ducker (level 8, -14/70 HPs)
             Began as a Green Draconian Chaos Knight on June 16, 2015.
             Demolished by a tentacled starspawn (33 damage)
             ... on level 1 of the Abyss.
             The game lasted 00:22:41 (5220 turns).

bal the Ducker (Green Draconian Chaos Knight)       Turns: 5220, Time: 00:22:41

Health: -14/70     AC:  8    Str: 18    XL:     8   Next: 43%
Magic:  10/10      EV: 14    Int: 12    God:    Xom [*.....]
Gold:   321        SH:  0    Dex: 10    Spells: 0 memorised, 7 levels left

rFire  . . .     SeeInvis .     y - +4 war axe (flame)
rCold  . . .     Clarity  .     (armour unavailable)
rNeg   . . .     SustAt   .     (no shield)
rPois  +         Gourm    .     (helmet restricted)
rElec  .         Spirit   .     (no cloak)
rCorr  .         Warding  .     (no gloves)
rMut   .         Stasis   .     f - +1 pair of boots
MR     .....                    (no amulet)
Stlth  ++........               (no ring)
                                (no ring)

@: not resistant to hostile enchantments, unstealthy
A: breathe noxious fumes, unfitting armour, claws 1, high mp 2, mutation
resistance 1, poison resistance, cold-blooded, subdued magic 1, MP-powered
wands, AC +6
a: Breathe Noxious Fumes, Renounce Religion


You were on level 1 of the Abyss.
You worshipped Xom.
You were a special plaything of Xom.
You were not hungry.

You visited 1 branch of the dungeon, and saw 7 of its levels.
You visited the Abyss 1 time.
You also visited: Ossuary.

You collected 321 gold pieces.

Inventory:

Hand weapons
 a - a +0 hand axe of chaos
 q - a +2 mace of holy wrath
 s - a +0 mace of distortion
 u - a +4 short sword of chaos
 y - a +4 war axe of flaming (weapon)
Missiles
 c - 5 needles of sleeping
 m - 5 steel tomahawks (quivered)
Armour
 f - a +1 pair of boots (worn)
Magical staves
 v - an uncursed staff of earth {unknown}
Magical devices
 k - a wand of enslavement (10)
 l - a wand of random effects (0)
 n - a wand of magic darts (36)
 p - a wand of slowing (43)
Scrolls
 e - 2 scrolls of identify
 g - 2 scrolls of magic mapping
 j - 2 scrolls of remove curse
Potions
 i - 2 potions of curing
 o - a potion of heal wounds
 r - a potion of lignification
 t - a potion of ambrosia {unknown}
 w - a potion of might
Comestibles
 b - 4 bread rations
 d - a slice of pizza
 h - 4 meat rations
 x - a beef jerky


   Skills:
 + Level 5.8 Fighting
 + Level 4.2(4.7) Axes
 + Level 3.0(4.1) Maces & Flails
 + Level 0.3 Throwing
 + Level 6.8 Dodging
 + Level 3.6 Stealth
 + Level 1.2 Evocations


You had 7 spell levels left.
You didn't know any spells.

Dungeon Overview and Level Annotations

Branches:
Dungeon (7/15)             Temple (0/1) D:5

Altars:
Ashenzari
Dithmenos
Fedhas
Qazlal
Ru
Sif Muna
Trog
Vehumet
Xom
Zin

Annotations:
D:7 Pikel
Abyss:1 Grinder


Innate Abilities, Weirdness & Mutations

You can breathe blasts of noxious fumes.
Your lurid green scales are hard (AC +6).
Your body does not fit into most forms of armour.
Your system is resistant to poisons.
You are cold-blooded and may be slowed by cold attacks.
You have sharp fingernails.
You have a considerably increased reservoir of magic (+20% MP).
You are somewhat resistant to further mutation.
Your spells are a little easier to cast, but a little less powerful.
You expend magic power (3 MP) to strengthen your wands.


Message History

The thrashing horror misses you.
The thrashing horror closely misses you.
Found a scroll of identify.
The starspawn tentacle grabs you. The starspawn tentacle constricts you.
You hit the starspawn tentacle. You burn the starspawn tentacle.
You tail-slap the starspawn tentacle, but do no damage.
The starspawn tentacle is heavily damaged.
You hit the tentacled starspawn. You burn the tentacled starspawn.
The starspawn tentacle loses its grip on you.
The tentacled starspawn is lightly damaged.
You barely miss the starspawn tentacle. You slash the thrashing horror!
You burn the thrashing horror.
The thrashing horror is lightly damaged.
The thrashing horror tramples you!
* * * LOW HITPOINT WARNING * * *
You stumble backwards!
The insubstantial wisp blinks!
The starspawn tentacle closely misses you.
The tentacled starspawn bites you!!
You die...
Xom laughs nastily!

.### .# #
..#.#.... #.#.# #
.#.... ..#
..#?#.#
...#...#.#
.....#. ##
....##.##......#
...
##..........#...#
....#.
#.#...w...#
#....##..#wX@*#
#..#..#X§.X##*.#
# #.v..3##.*..##
#.#
###..#...#...#
...
###..#..###.##..
.....##.# . #
#..##...#.## ##
.. #...§...##
###. ....##. .#


You could see a tentacled starspawn, a thrashing horror, a large abomination, a
smoke demon, 2 starspawn tentacles and an insubstantial wisp.

Vanquished Creatures
  Purgy (D:3)
  A phantom (D:6)
  An ice beast (D:5)
  2 centaurs
  Blork the orc (D:6)
  A giant frog (D:6)
  A scorpion (D:5)
  2 wights (D:7)
  A crimson imp (D:6)
  3 hounds
  2 iguanas
  An orc priest (D:5)
  3 worker ants
  A centaur skeleton (D:7)
  An adder (D:3)
  A river rat (D:5)
  A shadow imp (D:3)
  A worm zombie (D:7)
  2 worms (D:2)
  2 giant geckos
  23 orcs
  10 bats
  4 giant cockroaches
  16 hobgoblins
  6 jackals
  8 kobolds
  3 quokkas
  A giant gecko skeleton (D:5)
  8 giant newts
  9 goblins
  A hobgoblin zombie (Ossuary)
  12 rats
130 creatures vanquished.

Vanquished Creatures (collateral kills)
  A jackal (D:6)
1 creature vanquished.

Vanquished Creatures (others)
  An ice beast (D:7)
  A giant frog (D:4)
  A wight (D:7)
  A crimson imp (D:7)
  A hound (D:5)
  A worker ant (D:5)
  An adder (D:2)
  A jackal (D:3)
  A quokka (D:3)
  18 starspawn tentacle segments (Abyss:1)
27 creatures vanquished.

Grand Total: 158 creatures vanquished

Notes
Turn   | Place    | Note
--------------------------------------------------------------
     0 | D:1      | bal the Draconian Chaos Knight began the quest for the Orb.
     0 | D:1      | Reached XP level 1. HP: 19/19 MP: 1/1
   145 | D:1      | Reached XP level 2. HP: 26/26 MP: 2/2
   273 | D:1      | XOM: divination: detect items
   341 | D:1      | XOM: divination: detect items
   421 | D:1      | Reached XP level 3. HP: 24/33 MP: 3/3
   771 | D:2      | XOM: give mutations
   771 | D:2      | Gained mutation: You have sharp fingernails. [Xom's grace]
   771 | D:2      | Gained mutation: You can translocate small distances at will. [Xom's grace]
   771 | D:2      | Gained mutation: Your system is resistant to poisons. [Xom's grace]
   817 | D:2      | XOM: god gift: 5 needles of sleeping
   893 | D:2      | XOM: give mutations
   893 | D:2      | Gained mutation: You have an increased reservoir of magic (+10% MP). [Xom's mischief]
   893 | D:2      | Gained mutation: You have a considerably increased reservoir of magic (+20% MP). [Xom's mischief]
   893 | D:2      | Gained mutation: You are somewhat resistant to further mutation. [Xom's mischief]
   893 | D:2      | Lost mutation: You can translocate small distances at will. [Xom's mischief]
   986 | D:2      | Found a glowing silver altar of Zin.
  1096 | D:2      | Found a blossoming altar of Fedhas.
  1450 | D:3      | XOM: smoke on damage
  1455 | D:3      | Reached skill level 4 in Fighting
  1455 | D:3      | Reached skill level 1 in Stealth
  1455 | D:3      | Reached XP level 4. HP: 20/40 MP: 4/4
  1472 | D:3      | Noticed Purgy
  1480 | D:3      | XOM: swap monsters
  1490 | D:3      | Killed Purgy
  1490 | D:3      | Reached XP level 5. HP: 37/46 MP: 6/6
  1859 | D:3      | XOM: summons 2 hostile demons
  1932 | D:3      | XOM: mild Tloc miscast
  1932 | D:3      | XOM: smoke on damage
  2379 | D:4      | XOM: 1-stop teleportation journey
  2513 | D:4      | Found a deep blue altar of Sif Muna.
  2546 | D:4      | XOM is BORED!
  2546 | D:4      | XOM: mild Summ miscast
  2549 | D:4      | Found a shimmering altar of Xom.
  2662 | D:4      | Found a stormy altar of Qazlal.
  2788 | D:4      | Found a radiant altar of Vehumet.
  2805 | D:4      | Reached XP level 6. HP: 33/53 MP: 7/7
  2879 | D:5      | Entered Level 5 of the Dungeon
  2935 | D:5      | XOM: polymorph iguana -> hound
  2958 | D:5      | Noticed Grinder
  2965 | D:5      | XOM: confuse monster(s)
  2969 | D:5      | Reached skill level 1 in Maces & Flails
  2980 | D:5      | Found a bloodstained altar of Trog.
  2992 | D:5      | XOM: medium Hex miscast
  3001 | D:5      | XOM: polymorph orc wizard -> river rat
  3011 | D:5      | XOM: chaos upgrade
  3128 | D:5      | XOM is BORED!
  3128 | D:5      | XOM: mild Hex miscast
  3454 | D:5      | Your scales start taking on a lurid green colour.
  3454 | D:5      | Mutation became permanent: Your system is resistant to poisons. [Green Draconian growth]
  3454 | D:5      | Reached XP level 7. HP: 58/60 MP: 8/8
  3457 | D:5      | Found a shadowy altar of Dithmenos.
  3517 | D:5      | Found a staircase to the Ecumenical Temple.
  3535 | D:5      | Found a sacrificial altar of Ru.
  3620 | D:5      | Paralysed by Grinder for 5 turns
  3630 | D:5      | Banished Grinder
  3630 | D:5      | Reached skill level 5 in Fighting
  3630 | D:5      | Reached skill level 5 in Dodging
  3975 | D:6      | Noticed Blork the orc
  3980 | D:6      | Killed Blork the orc
  4109 | D:6      | Gained mutation: Your spells are a little easier to cast, but a little less powerful. [mutagenic glow]
  4137 | D:6      | XOM: silly message
  4144 | D:6      | Gained mutation: You expend magic power (3 MP) to strengthen your wands. [mutagenic glow]
  4177 | D:6      | Reached skill level 6 in Dodging
  4338 | D:6      | Reached skill level 1 in Evocations
  4338 | D:6      | Reached XP level 8. HP: 40/68 MP: 10/10
  4711 | D:7      | Noticed Pikel
  4712 | D:7      | XOM: summons 5 friendly demons
  4718 | D:7      | XOM: chaos cloud
  4725 | D:7      | XOM: enchant monster (good)
  4728 | D:7      | Paralysed by Pikel for 7 turns
  4732 | D:7      | XOM: noise
  4736 | D:7      | XOM: enchant monster (good)
  4831 | D:7      | Found a shattered altar of Ashenzari.
  4831 | D:7      | XOM: mild Air miscast
  4894 | D:7      | XOM: harmless Air miscast
  5085 | D:7      | Found a sand-covered staircase.
  5101 | Ossuary  | Entered an ossuary
  5109 | Ossuary  | Cast into the Abyss (a distortion unwield)
  5145 | Abyss:1  | Noticed an orange demon
  5145 | Abyss:1  | XOM: summons friendly shadow imp
  5154 | Abyss:1  | Noticed a blue devil
  5154 | Abyss:1  | an orange demon changed into a blue devil
  5154 | Abyss:1  | XOM: polymorph orange demon -> blue devil
  5198 | Abyss:1  | Noticed a smoke demon
  5203 | Abyss:1  | Noticed a large abomination
  5209 | Abyss:1  | XOM: cast spell 'Monstrous Menagerie'
  5215 | Abyss:1  | Noticed a thrashing horror
  5217 | Abyss:1  | Noticed a tentacled starspawn
  5220 | Abyss:1  | Demolished by a tentacled starspawn

Vault maps used:
D:1:      dpeg_arrival_fog, minmay_lizard_king
D:2:      nicolae_overflow_hidden_temple, fedhas_altar_fruit_tree
D:3:      first_bread, minmay_door_square, uniq_purgy
D:4:      xom_butterflies, grunt_qazlal_sundering, vehumet_altar_wand_db,
          lemuel_blue_sif_altar
D:5:      nicolae_ru_awakened_eye, kennysheep_mini_moat,
          minmay_temple_entry_enclosed_plants, nicolae_dithmenos_the_darkroom,
          uniq_grinder
D:6:      nicolae_whirlpool, uniq_blork_the_orc
D:7:      corexii_shack_village, enter_ossuary_3, grunt_ogre_cave,
          cheibrodos_ashenzari_chains, uniq_menkaure, uniq_prince_ribbit1,
          uniq_pikel
Ossuary:  ossuary_minmay_tomb_2a

Action                   |  1- 3 |  4- 6 |  7- 9 || total
-------------------------+-------+-------+-------++-------
Melee: Hand axe          |   158 |     3 |       ||   161
       Mace              |       |   125 |   111 ||   236
       War axe           |       |       |    28 ||    28
Throw: Tomahawk          |       |       |     2 ||     2
Evoke: Wand              |       |       |     8 ||     8
  Use: Potion            |       |     5 |     6 ||    11
       Scroll            |       |     7 |     5 ||    12
 Stab: Paralysed         |     5 |       |       ||     5
       Sleeping          |       |     5 |     1 ||     6
       Distracted        |       |       |     2 ||     2
  Eat: Fruit             |     4 |     2 |       ||     6
       Chunk             |     1 |     1 |       ||     2
       Bread ration      |       |     1 |     1 ||     2
